[Event "Julius Baer Generation Cup Prelims 2022"]
[Site "Online"]
[Date "2022.09.14"]
[Round "15.2"]
[White "Carlsen, Magnus"]
[Black "Keymer, Vincent"]
[Result "1-0"]
[ECO "E04"]
[WhiteElo "2861"]
[BlackElo "2693"]
[Annotator "TA"]
[PlyCount "131"]
[EventDate "2022.09.12"]
[EventType "tourn"]
[EventCountry "NET"]
[SourceTitle "playchess.com"]
[Source "ChessBase"]
[SourceQuality "1"]
[TimeControl "900+10"]

1. c4 Nf6 2. g3 e6 3. Bg2 d5 4. d4 Bb4+ 5. Nd2 O-O 6. Ngf3 dxc4 7. Qc2 (7. a3 $5 Bxd2+ 8. Bxd2 $11) 7... a5 {[%emt 0:00:02] E04: Open Catalan: 5 Nf3.} 8. a3 $1 {[%emt 0:00:12] 8.a3 is better than 8.0-0.} Bxd2+ 9. Bxd2 b5 {[%emt 0:00:00] The position is equal.} 10. a4 Bb7 11. axb5 Qd5 12. O-O Qxb5 {[%emt 0:00:02] [#]} 13. Rfc1 $146 ({Predecessor:} 13. Qa4 Qa6 14. Qxa5 Qc6 15. Qc5 Qxc5 16. dxc5 Nbd7 17. Nd4 Bxg2 18. Kxg2 h5 19. Bb4 {1-0 (31) Esipenko,A (2682)-Keymer,V (2686) Biel 2022}) 13... Bd5 14. Ne5 Nc6 $1 15. Nxc6 Qxc6 16. f3 Qb6 17. e4 Qxd4+ 18. Kh1 Bb7 19. Bxa5 Qe5 20. Bc3 {[%emt 0:00:39] A strong pair of Bishops.} Qc5 21. Rxa8 Rxa8 22. Qd2 Ne8 23. Rd1 h6 24. Qf4 Nd6 25. h4 Nb5 26. Be5 Rf8 $1 (26... f6 27. Bxf6 $1 Rf8 28. Qe5 Qxe5 29. Bxe5 $16) 27. Kh2 Bc8 28. Bf1 f6 29. Bc3 Nxc3 30. bxc3 Qf2+ 31. Bg2 e5 32. Qc1 Be6 $36 {[%emt 0:01:27][%mdl 2048] White is under strong pressure.} 33. Qa3 Re8 {[%emt 0:00:30] Against Qe7} 34. Qa4 $2 (34. Rb1 $15) 34... Rb8 $19 35. Qc6 Qb6 $2 (35... Bf7 $19 {is more deadly. White must now prevent ...Rb2.} 36. Qxc7 Rb2) 36. Qa4 Qb3 37. Qa7 Qb6 (37... Rc8 $17 38. Qa1 Rb8) 38. Qa3 (38. Qa4 $1 $11) 38... Kf7 $17 39. h5 $2 (39. Rd2 $17 {is more resistant.}) 39... Qb3 $2 (39... Qf2 $19 {And now ...Rb2 would win.} 40. Rf1 Qe2) 40. Qa5 Qb6 $2 ({But not} 40... Qxd1 $6 41. Qxc7+ Kg8 42. Qxb8+ Kh7 43. g4 $11 (43. Qe8 Bg8 $11)) (40... Qb7 $17) 41. Qa3 $1 $19 Qc6 $2 ({Black should play} 41... Qf2 $19 {Strongly threatening ...Rb2.} 42. Rf1 Qe2) 42. Bh3 $1 $11 Rb3 43. Bxe6+ Qxe6 {[%emt 0:00:08][%mdl 4096] Endgame KQR-KQR} 44. Qc5 Rb2+ 45. Kg1 Qb6 (45... Qh3 {leads to mate.} 46. Qxc4+ Ke8 47. Qg8+ Ke7 48. Qxg7+ Ke8 49. Qg8+ Ke7 50. Qd8+ Kf7 51. Qxc7+) 46. Rd7+ Kg8 47. Rxc7 {[%emt 0:00:14] The board is on fire.} Rb1+ 48. Kg2 Qb2+ $1 49. Kh3 Rh1+ 50. Kg4 Qd2 $4 (50... Qg2 $11 51. Rxg7+ Kxg7 52. Qe7+ Kh8 53. Qxf6+ Kg8 54. Qd8+ Kh7 55. Qe7+ (55. Qd7+ Kh8 $11) 55... Kh8 56. Qf6+ Kg8 57. Qd8+ Kh7 58. Qe7+ (58. Qd7+ Kh8 $11) 58... Kh8 59. Qf6+) 51. Qd5+ $18 Qxd5 52. exd5 {[%emt 0:00:00] KR-KR} Rd1 53. Rd7 Rd3 54. d6 Rxc3 {[%emt 0:00:22] [#]} 55. Kf5 {[%emt 0:00:00] White mates.} Rxf3+ {[%emt 0:00:13] [#]} 56. Ke6 $1 Rd3 57. Rc7 e4 58. d7 e3 59. Rxc4 Kh7 60. Ke7 g5 61. d8=Q Rxd8 62. Kxd8 f5 63. Rc7+ Kg8 64. Re7 f4 65. gxf4 gxf4 66. Ke8 {[%emt 0:00:02] What a bad dream for Black.  Weighted Error Value: White=0.22 (precise) /Black=0.32} 1-0

[Event "Julius Baer Generation Cup Prelims 2022"]
[Site "Online"]
[Date "2022.09.14"]
[Round "15.3"]
[White "Adhiban, B.."]
[Black "Wojtaszek, Radoslaw"]
[Result "1/2-1/2"]
[ECO "A01"]
[WhiteElo "2603"]
[BlackElo "2696"]
[Annotator "TA"]
[PlyCount "26"]
[EventDate "2022.09.12"]
[EventType "tourn"]
[EventCountry "NET"]
[SourceTitle "playchess.com"]
[Source "ChessBase"]
[SourceQuality "1"]
[TimeControl "900+10"]

1. b3 d5 2. Bb2 Bg4 3. f3 Bf5 4. e4 dxe4 5. Nc3 Nf6 6. Qe2 {[%emt 0:04:02][%cal Rf3e4] A01: Nimzowitsch-Larsen Opening.} Nc6 {[%emt 0:03:02] [#]} (6... exf3 $1 $15 7. Qxf3 Qc8) 7. Qb5 $146 (7. fxe4 $11 {keeps the balance.} Bg6 8. Nf3) ({Predecessor:} 7. fxe4 Nd4 8. Qd3 Bg6 9. Nf3 Nc6 10. Qb5 Qc8 11. O-O-O a6 12. Qe2 e5 13. Nd5 {1-0 (33) Chandra,A (2510)-Terry,R (2492) Chess.com INT 2018}) 7... Qd7 8. Qxb7 {[%emt 0:02:26] [#] Black is slightly better.} Rb8 9. Qa6 Rb6 (9... Nb4 $17 10. Qxa7 Nxc2+ 11. Kf2 Rd8) 10. Qa4 $11 {[%emt 0:00:14] The position is equal.} Rb4 11. Qa6 Rb6 12. Qa4 Rb4 13. Qa6 Rb6 {[%emt 0:00:12] Weighted Error Value: White=0.23 (precise) /Black=0.20 (precise)} 1/2-1/2

[Event "Julius Baer Generation Cup Prelims 2022"]
[Site "Online"]
[Date "2022.09.14"]
[Round "15.4"]
[White "Le, Quang Liem"]
[Black "Yoo, Christopher Woojin"]
[Result "0-1"]
[ECO "D43"]
[WhiteElo "2728"]
[BlackElo "2563"]
[Annotator "TA"]
[PlyCount "120"]
[EventDate "2022.09.12"]
[EventType "tourn"]
[EventCountry "NET"]
[SourceTitle "playchess.com"]
[Source "ChessBase"]
[SourceQuality "1"]
[TimeControl "900+10"]

1. d4 Nf6 2. Nf3 d5 3. c4 e6 4. Nc3 c6 5. Bg5 h6 6. Bxf6 Qxf6 7. e3 g6 8. Bd3 {[%emt 0:00:11] D43: Semi-Slav: 5 Bg5 h6.} Bg7 9. cxd5 exd5 10. b4 {[%emt 0:00:01] The position is equal.} O-O {[%emt 0:00:29] [#]} 11. b5 $146 ({Predecessor:} 11. O-O a6 12. a4 Bg4 13. h3 Bxf3 14. Qxf3 Qxf3 15. gxf3 Nd7 16. Rfc1 Rfd8 17. Rab1 {1-0 (84) Tan,Z (2508)-Harika,D (2504) China 2017}) 11... c5 12. Rc1 Qd6 13. dxc5 Qxc5 {[%emt 0:00:02] [#]} 14. O-O $1 Nd7 (14... Bxc3 15. Qb3 $16) 15. Qb3 Nb6 16. a4 {[%emt 0:00:49][%cal Ba2a4,Ba4a5][%mdl 32] Threatens to win with a5.} Be6 17. Nd4 Qd6 18. Nxe6 Qxe6 19. Ne2 Be5 20. a5 Nd7 21. e4 ({Better is} 21. a6 $16) 21... Qd6 $11 22. f4 Bd4+ 23. Kh1 Nc5 {[%emt 0:00:34] [#]} (23... dxe4 $11 {remains equal.} 24. Bxe4 Nc5) 24. Qc2 ({White should try} 24. Qa3 $1 $16 {And now e5 would win.} Be3 25. e5) 24... Be3 25. Rcd1 {[%emt 0:00:43][%cal Od3c4] Bc4! is the strong threat.} Rac8 26. e5 Qe6 27. Qb2 d4 28. Bb1 (28. Nxd4 $2 Bxd4 29. Qxd4 Rfd8 $19) (28. Qb1 $1 $11) 28... Qc4 (28... Qb3 $17 29. Qxb3 Nxb3) 29. Ba2 Na4 $1 30. Qb1 {[%emt 0:00:10] Black continues to play with concentration.} (30. Qa3 $1 $11 Qxe2 31. Qxa4) 30... Qc2 $17 31. e6 Qxb1 {[%emt 0:00:38] Black is more active.} 32. exf7+ (32. Rxb1 $2 {too greedy.} Nc3 33. exf7+ Kg7 $19) 32... Kg7 33. Bxb1 Nb2 $36 {[%emt 0:00:09][%mdl 2048] Black is on the roll.} ({Much less strong is} 33... Rxf7 34. Nxd4 Re8 35. Ba2 $14) 34. Rxd4 Bxd4 35. Nxd4 Rxf7 36. g3 (36. g4 $17 {was called for.}) 36... Nc4 $19 37. Rc1 Rd7 38. Nf3 Rdc7 39. Re1 (39. Rd1 $142) 39... Nxa5 40. Kg2 Rc1 41. Bd3 (41. Rxc1 {keeps fighting.} Rxc1 42. Be4) 41... Rxe1 42. Nxe1 {[%emt 0:00:00][%mdl 4096] Endgame KRN-KBN} Nb3 43. Kf3 Rc1 44. Ke2 Rc3 45. Be4 Nd4+ 46. Kd2 Rc7 47. b6 axb6 48. g4 Re7 49. Bd3 Nb3+ 50. Kd1 Nc5 51. Bc2 b5 52. Nf3 b4 53. Nh4 Re6 54. f5 Rd6+ 55. Ke2 b3 56. Bb1 g5 57. Nf3 Na4 {[%emt 0:00:06] ( -> ...Nc3+)} 58. Bd3 Nc3+ 59. Kd2 {[%emt 0:00:02] [#]} b2 $1 60. Kxc3 {[%emt 0:00:05] [#]} Rxd3+ $1 {[%emt 0:00:01][%mdl 512] Weighted Error Value: White=0.32/Black=0.14 (very precise)} 0-1

[Event "Julius Baer Generation Cup Prelims 2022"]
[Site "Online"]
[Date "2022.09.14"]
[Round "15.5"]
[White "Navara, David"]
[Black "Gelfand, Boris"]
[Result "1/2-1/2"]
[ECO "B30"]
[WhiteElo "2681"]
[BlackElo "2668"]
[Annotator "TA"]
[PlyCount "76"]
[EventDate "2022.09.12"]
[EventType "tourn"]
[EventCountry "NET"]
[SourceTitle "playchess.com"]
[Source "ChessBase"]
[SourceQuality "1"]
[TimeControl "900+10"]

1. e4 {[%emt 0:00:00] Szabo,Kr} c5 2. Nf3 Nc6 3. Bb5 e6 4. O-O Nge7 5. Re1 a6 6. Bf1 d5 7. d3 d4 {[%emt 0:00:12] B30: Sicilian: 2...Nc6 3 Bb5, lines without ...g6.} 8. e5 Nd5 9. c4 dxc3 {[%emt 0:00:02] The position is equal.} 10. bxc3 Rb8 {[%emt 0:00:04] [#]} 11. c4 $146 ({Predecessor:} 11. Bb2 b5 12. Nbd2 Be7 13. Ne4 O-O 14. Rb1 Nb6 15. Ba1 Bb7 16. c4 b4 17. Qd2 {½-½ (55) Grischuk,A (2764)-Gelfand,B (2740) London 2013 CBM 154 [Szabo,Kr]}) 11... Nde7 12. Nc3 Nf5 13. Bg5 Be7 14. Bxe7 Qxe7 15. Ne4 O-O 16. Qd2 Rd8 (16... b6 $15) 17. Qf4 (17. Qg5 $11 {keeps the balance.}) 17... Ncd4 (17... b6 $17) 18. Rab1 (18. Nxd4 $11 Nxd4 19. Re3) 18... Nxf3+ $15 19. Qxf3 Bd7 20. Nd6 Nxd6 (20... Nd4 {with more complications.} 21. Qg3 Bc6 22. Rb6 Qc7) 21. exd6 Qxd6 22. Rxb7 Rxb7 23. Qxb7 Rb8 24. Qa7 e5 25. g3 Be6 26. Bg2 g6 27. a4 (27. Bd5 $11) 27... Kg7 $17 28. a5 Rb2 29. Bd5 Bxd5 30. cxd5 Qxd5 (30... h5 $17 {aiming for ...h4.} 31. h4 Rd2) 31. Qxa6 {[%emt 0:00:02][%mdl 4096] Endgame KQR-KQR} (31. Qe7 Rb5 $15) 31... Ra2 32. Qb6 (32. Qc4 Qxc4 33. dxc4 Kf6 $17) ({White should play} 32. Qb5 $1 $11) 32... Qd4 $15 (32... Qxd3 33. Qxc5 Kg8 34. Qc8+ (34. Qxe5 Qd2 $11) 34... Kg7 35. Qc5 $11) 33. Rf1 Qb4 (33... h5 $5 34. a6 h4 $15) 34. Qc7 (34. Qd6 $11) 34... Qc3 ({Don't do} 34... Qxa5 35. Qxe5+ Kh6 36. Rc1 $16) 35. Rb1 (35. Kg2 $1 $11) 35... Qd4 $1 $17 ({Don't take} 35... Rxa5 36. Rb7 Qa1+ 37. Kg2 $16) 36. Rf1 {[%emt 0:00:06] [#]} Qc3 ({Better is} 36... h5 $1 $17) 37. Rb1 $11 Qd4 ({Don't play} 37... Rxa5 38. Rb7 Qa1+ 39. Kg2 $16) ({Black should try} 37... h5 $11) 38. Rf1 $17 {[%emt 0:00:03] [#]} Qc3 {[%emt 0:00:06] Weighted Error Value: White=0.24 (precise) /Black=0.22 (precise)} (38... h5 $1 $17) 1/2-1/2

[Event "Julius Baer Generation Cup Prelims 2022"]
[Site "Online"]
[Date "2022.09.14"]
[Round "15.6"]
[White "Niemann, Hans Moke"]
[Black "Duda, Jan-Krzysztof"]
[Result "1-0"]
[ECO "B51"]
[WhiteElo "2688"]
[BlackElo "2731"]
[Annotator "TA"]
[PlyCount "111"]
[EventDate "2022.09.12"]
[EventType "tourn"]
[EventCountry "NET"]
[SourceTitle "playchess.com"]
[Source "ChessBase"]
[SourceQuality "1"]
[TimeControl "900+10"]

1. e4 c5 2. Nf3 d6 3. Bb5+ Nd7 4. a4 Ngf6 5. Nc3 g6 6. a5 {[%emt 0:00:11] B51: Sicilian: Moscow Variation (3 Bb5+) without 3...Bd7.} Bg7 7. O-O a6 8. Be2 {[%emt 0:00:05] White is slightly better.} O-O 9. d3 Nb8 10. e5 dxe5 11. Nxe5 Be6 12. Bf3 {[%emt 0:00:26] [#]} Nd5 $146 ({Predecessor:} 12... Nbd7 13. Bf4 Nxe5 14. Bxe5 Nd5 15. Bxg7 Kxg7 16. Qd2 Rc8 17. Rfe1 Rc7 18. Ra4 Nf6 {1-0 (49) So,W (2778)-Sarana,A (2685) Chess.com INT 2022}) 13. Re1 Nxc3 14. bxc3 Nc6 15. Bxc6 (15. Nxc6 bxc6 16. Ra3 (16. Bxc6 Rc8 $15) 16... Qd6 $11) 15... bxc6 16. Bf4 (16. Nxc6 $2 Qd6 17. Nxe7+ Qxe7 $19) 16... Qc8 17. c4 {[%emt 0:00:08] White is more active.} g5 18. Bd2 (18. Bxg5 f6 $11) 18... f6 19. Nf3 g4 20. Nh4 Re8 21. Qe2 Bf7 22. f3 h5 (22... f5 $16) 23. fxg4 $18 hxg4 24. Qf2 {[%emt 0:00:08] Against f5} e6 {[%emt 0:00:38] [#]} 25. Bc3 $1 (25. Qxc5 f5 $14) 25... e5 26. Nf5 (26. Qxc5 $6 Rb8 27. Qf2 Be6 $16) 26... Qe6 27. Rab1 Bg6 28. Nxg7 Kxg7 29. Qxc5 Bf5 (29... Qd7 {was called for.} 30. Rb6 Re6) 30. Rb6 Qe7 31. Qf2 Qd7 (31... Be6 $142 32. Rxc6 Qa7) 32. Rf1 Kg6 33. d4 exd4 34. Bxd4 Re4 35. c3 {[%emt 0:00:11][%cal Ob6b7] And now Rb7! would win.} Rf8 {[%emt 0:00:53][%cal Ba8f8,Bf8f7,Bf7h7][%mdl 32] [#]} 36. Rb7 $3 Qe6 37. Qh4 Rf7 {[%emt 0:00:02] Against Rh7} 38. Rb8 {[%emt 0:00:46] Threatening mate with Rh8.} Rh7 39. Qg3 $40 {[%emt 0:00:41][%mdl 128] h4 is the strong threat. White goes for the king.} ({Not} 39. Rg8+ Kf7 40. Qf2 Kxg8 $17) 39... Re2 $2 (39... Re7 40. Rf8 Rf7) 40. Qf4 $2 ({Don't play} 40. Rf8 $6 Rf7 41. Rg8+ Kh7 $18) (40. h3 $18) 40... Be4 $2 {[%emt 0:01:19] A mistake that costs the game.} (40... Re1 $16 {keeps fighting.} 41. h4 Re7) 41. Qxf6+ Qxf6 42. Rxf6+ Kh5 {[%emt 0:00:04] [#]} 43. Re8 $1 {[%emt 0:01:01] Intending Re5+ and mate.} Rxg2+ $2 (43... Bf3) 44. Kf1 {[%emt 0:00:01] White is clearly winning.} Bf3 45. Re5+ Kh4 46. Bf2+ Kh3 47. Rff5 {[%emt 0:00:07] White threatens Rh5+ and mate.} g3 48. Rxf3 Kxh2 49. Be3 Kh1 50. Rg5 Rb7 51. Rh5+ Rh2 52. Rxh2+ gxh2 53. Bf4 ({Weaker is} 53. Rh3 Rf7+ 54. Bf2 c5 $11) 53... c5 54. Rh3 Rb1+ 55. Ke2 Rb2+ 56. Kd3 {[%emt 0:00:05] Weighted Error Value: White=0.30/Black=0.49} 1-0

[Event "Julius Baer Generation Cup Prelims 2022"]
[Site "Online"]
[Date "2022.09.14"]
[Round "15.7"]
[White "Aronian, Levon"]
[Black "Ivanchuk, Vasyl"]
[Result "1-0"]
[ECO "D02"]
[WhiteElo "2759"]
[BlackElo "2678"]
[Annotator "TA"]
[PlyCount "105"]
[EventDate "2022.09.12"]
[EventType "tourn"]
[EventCountry "NET"]
[SourceTitle "playchess.com"]
[Source "ChessBase"]
[SourceQuality "1"]
[TimeControl "900+10"]

1. d4 d5 2. Bf4 e6 3. e3 c5 4. Nf3 Nc6 5. Nbd2 Bd6 6. dxc5 {[%emt 0:00:01] D02: 1 d4 d5 2 Nf3 sidelines, including 2...Nf6 3 g3 and 2...Nf6 3 Bf4.} Bxc5 {[%emt 0:00:04] [#]} 7. a3 $146 ({Predecessor:} 7. Be2 Nge7 8. O-O O-O 9. c4 b6 10. a3 a5 11. cxd5 Nxd5 12. Bg3 Bb7 13. Rc1 {1-0 (39) Demchenko,A (2641)-Abdusattorov,N (2627) Chess.com INT 2020}) 7... Bd6 8. Bxd6 {[%emt 0:00:01] The position is equal.} Qxd6 9. c4 Nf6 10. cxd5 exd5 11. Rc1 O-O 12. Bb5 Bg4 13. h3 Bh5 14. O-O Rfd8 15. Bxc6 bxc6 16. Qc2 {[%emt 0:00:01] Inhibits c5.} Rac8 17. Qc5 {[%emt 0:00:04] aiming for Nd4.} Bxf3 18. Nxf3 Qxc5 19. Rxc5 Ne4 20. Ra5 Rc7 21. b4 Nd6 (21... h5 $142) 22. Nd4 $16 Rdc8 23. Rc1 Kf8 24. Ra6 {[%emt 0:00:58][%cal Rc1c6] White is much more active. The black rooks are badly placed.} Nc4 25. e4 g6 26. f4 c5 27. bxc5 Rxc5 28. e5 Nd2 29. Rxc5 Rxc5 30. Rxa7 $11 {[%emt 0:00:04][%mdl 4096] Endgame KRN-KRN} Rc4 31. Ne2 d4 {[%emt 0:00:32] And now ...d3 would win.} 32. Rd7 Nb3 33. Ng3 Nc5 {[%emt 0:00:14] Against Ne4} 34. Rd5 d3 35. Nf1 Rc3 36. g3 Ne4 37. a4 d2 {[%emt 0:00:30] Threatens to win with ...Rc1.} 38. Kg2 $1 ({Much worse is} 38. Nxd2 Rc1+ 39. Nf1 Nxg3 $17) 38... Ra3 39. Rd4 ({But not} 39. Nxd2 $2 Ra2 40. Rb5 (40. Rd8+ $2 Ke7 $19) 40... Nxd2 $19) 39... Rxa4 {[%emt 0:00:09][%mdl 64] Promotion} 40. Rxa4 (40. Rd7 $11) 40... d1=Q $19 {[%emt 0:00:04] ( -> ...Qe2+)} 41. Rxe4 {[%emt 0:00:01] [#] KQ-KRN} Qd5 $2 (41... Qc2+ $1 $19 {and Black stays clearly on top.} 42. Kf3 Qb1) 42. Kf3 $17 {[%emt 0:00:02] [#]} h5 (42... Qd3+ $1 $17 43. Ne3 Qb1) 43. Ne3 $11 Qc6 44. f5 g5 {[%emt 0:00:28][%mdl 1024] ...Qc1 is the strong threat. Black has compensation.} 45. e6 f6 46. e7+ Ke8 47. Nc4 Qd5 48. Ke3 Qc5+ 49. Kd3 Qd5+ 50. Kc3 Qc5 51. Re6 Qc7 $2 (51... h4 $11 52. g4 Qc7) 52. Kd4 Qa7+ 53. Kd3 {[%emt 0:00:01] What a bad dream for Black.  Weighted Error Value: White=0.17 (very precise) /Black=0.36} 1-0

[Event "Julius Baer Generation Cup Prelims 2022"]
[Site "Online"]
[Date "2022.09.14"]
[Round "15.8"]
[White "Praggnanandhaa R"]
[Black "Saric, Ivan"]
[Result "1-0"]
[ECO "E99"]
[WhiteElo "2676"]
[BlackElo "2668"]
[Annotator "TA"]
[PlyCount "125"]
[EventDate "2022.09.12"]
[EventType "tourn"]
[EventCountry "NET"]
[SourceTitle "playchess.com"]
[Source "ChessBase"]
[SourceQuality "1"]
[TimeControl "900+10"]

1. d4 Nf6 2. c4 g6 3. Nc3 Bg7 4. e4 d6 5. Be2 O-O 6. Nf3 e5 7. O-O Nc6 8. d5 Ne7 9. Ne1 Nd7 10. Nd3 f5 11. f3 f4 12. b4 $1 {[%emt 0:00:03][%mdl 4] outshines the older 12.Bd2.} g5 13. c5 {[%emt 0:00:04] E99: King's Indian: Classical Main Line: 9 Ne1 Nd7 10 f3 f5.} Nf6 14. a4 h5 15. a5 {[%emt 0:00:21] White is better.} g4 16. fxg4 hxg4 (16... Bxg4 $14 {feels stronger.} 17. b5 b6) 17. Nf2 $1 $16 Qd7 18. a6 bxa6 19. c6 {[%emt 0:00:47][%mdl 64] Deflection} Qe8 20. Nxg4 {[%emt 0:00:06] White is much more active.} Qg6 21. Nf2 ({Better is} 21. Nxf6+ Bxf6 22. Bxa6) 21... Rb8 {[%emt 0:00:17] [#]} 22. Bxa6 $146 ({Predecessor:} 22. b5 Bh6 23. bxa6 Rf7 24. Bf3 Rh7 25. Bd2 Bg5 26. Be1 Rb6 27. Na4 Rb8 28. Ba5 {0-1 (46) Sadhwani,R (2507)-Amin,B (2683) Moscow 2019}) 22... f3 $2 {[%emt 0:00:12] This move loses the game for Black.} (22... Rxb4 $16 {is a better defense.} 23. Bd3 a6) 23. Qxf3 $18 Bxa6 24. Rxa6 Rxb4 25. Qg3 Qxg3 26. hxg3 Rc4 (26... Nc8 $142 27. g4 Rb3) 27. Bd2 (27. Rxa7 Rxc3 28. Rxc7 Ng6 $11) 27... Nc8 28. g4 {[%emt 0:00:09] Against Nh5} Rd4 29. Rd1 Rc4 (29... Rb4 $142 30. Ra5 Rc4) 30. Rb1 Rd4 31. Be3 Rc4 32. Rb3 Kh7 33. Ra4 Rxa4 34. Nxa4 Nb6 35. Nc3 (35. Nxb6 $6 axb6 36. Ra3 Rc8 $18) 35... Nc4 (35... Rd8 $142 36. g5 Ne8) 36. Bxa7 Bh6 37. Nb5 Ra8 38. Rb4 Na3 {[%emt 0:00:03] [#]} (38... Ne3 {might work better.} 39. Ra4 (39. g5 Bxg5 40. Ra4 Rc8 $16) 39... Ne8) 39. Nxa3 (39. Nxc7 $142 $1 Rxa7 40. Ne8 $1 (40. Rb7 Rxb7 41. cxb7 Nd7 $16) 40... Nxe8 41. Rb7+ Kg6 42. Rxa7) 39... Rxa7 40. Rb3 {[%emt 0:00:04] Hoping for Nb5.} Kg6 41. Nb5 Ra1+ 42. Kh2 Ra2 43. Kg3 (43. Nxc7 Rxf2 44. Ne6 Rc2 $11) 43... Bd2 {[%emt 0:01:05] [#] Threatens to win with ...Be1.} 44. Kf3 $1 ({Inferior is} 44. Nxc7 Be1 45. Ne6 Rxf2 $15) 44... Nh7 $2 (44... Ne8 45. Nd3 Bg5) 45. Nh3 ({And not} 45. Nxc7 Ng5+ 46. Ke2 Ba5+ 47. Kf1 Bxc7 $11) 45... Ba5 46. Ra3 Rxa3+ 47. Nxa3 {[%emt 0:00:01][%mdl 4096] Endgame KBN-KNN} Bb6 48. Nc4 Bc5 49. Nd2 Bb6 50. Nf1 {[%emt 0:01:10][%cal Og4g5] And now g5! would win.} Bc5 51. Ng3 {[%emt 0:00:37][%cal Og4g5] Black must now prevent g5!} Kf6 {[%emt 0:00:01] Against g5+} 52. Nf5 Bb6 53. Kg3 Kg6 54. g5 Nxg5 55. Nxg5 Kxg5 {[%emt 0:00:00] KB-KN} 56. Ng7 Kg6 57. Ne6 Kh5 58. Kh3 Ba5 59. g4+ Kg6 60. Kg2 Bb6 61. Kf3 Ba5 62. Ke2 Bb6 63. Kd3 {[%emt 0:00:01] Weighted Error Value: White=0.31/Black=0.39} (63. Kd2 $142 Kf7 64. Kc3) 1-0